 Dungeon Crawl Stone Soup version 0.28-a0-773-g130ae17fe5 (webtiles) character file.

Game seed: 4668966358115164019

1755 jasper the Fighter (level 8, 0/72 HPs)
             Began as a Demonspawn Cinder Acolyte on Nov 1, 2021.
             Was a Follower of Ignis.
             Slain by a killer bee (3 damage)
             ... on level 7 of the Dungeon on Nov 2, 2021.
             The game lasted 00:08:14 (6432 turns).

jasper the Fighter (Demonspawn Cinder Acolyte)      Turns: 6432, Time: 00:08:15

Health: 0/72       AC:  6    Str: 15    XL:     8   Next: 78%
Magic:  9/9        EV: 10    Int: 15    God:    Ignis [*.....]
Gold:   245        SH:  0    Dex: 11    Spells: 9/9 levels left

rFire   + . .      SeeInvis .   a - +0 hand axe (flame)
rCold   . . .      Faith    .   (no shield)
rNeg    . . .      Spirit   .   o - +0 ring mail
rPois   .          Reflect  .   (no helmet)
rElec   .          Harm     .   (no cloak)
rCorr   .          Rampage  .   (no gloves)
Will    .....                   (no boots)
Stlth   +.........              x - amulet of regeneration
HPRegen 3.22/turn               (no ring)
MPRegen 0.11/turn               (no ring)

@: lethally poisoned (0 -> -1)
A: powered by death 2, powered by pain 2
a: Renounce Religion, Sea of Fire, Foxfire Swarm


You were on level 7 of the Dungeon.
You worshipped Ignis.
Ignis was aware of your devotion.
You visited 1 branch of the dungeon, and saw 7 of its levels.

You collected 245 gold pieces.

Inventory:

Hand Weapons
 a - a +0 hand axe of flaming (weapon)
 e - a +0 hunting sling
 r - a +0 hand crossbow
Missiles
 c - 179 stones
 f - 73 bolts
 g - 69 sling bullets
 h - 6 poisoned darts (quivered)
 j - 4 boomerangs
Armour
 b - a +0 robe
 i - a scarf of harm
 l - a +0 leather armour
 o - a +0 ring mail (worn)
Jewellery
 x - an amulet of regeneration (around neck)
Wands
 q - a wand of polymorph (8)
 u - a wand of iceblast (21)
Scrolls
 k - 4 scrolls of blinking
 n - 3 scrolls of fear
 p - a scroll of immolation
 s - a scroll of amnesia
Potions
 d - a potion of magic
 m - a potion of degeneration
 t - a potion of ambrosia
 v - a potion of heal wounds {unknown}
 w - 2 potions of lignification {unknown}
 z - 2 potions of curing {unknown}
 A - a potion of cancellation {unknown}
 B - a potion of attraction {unknown}


   Skills:
 - Level 10.0 Fighting
 + Level 3.6 Axes
 - Level 5.0 Armour
 - Level 1.0 Spellcasting
 - Level 2.6 Fire Magic


You had 9 spell levels left.
You didn't know any spells.
Your spell library contained the following spells:

 Spells                   Type           Power      Damage    Failure   Level
 Scorch                   Fire           16%        2d6       22%         2
 Apportation              Tloc           0%         N/A       41%         1
 Ensorcelled Hibernation  Hex/Ice        0%         N/A       56%         2
 Dazzling Flash           Conj/Hex       0%         N/A       80%         3
 Spider Form              Tmut/Pois      0%         N/A       80%         3
 Airstrike                Air            0%         N/A       99%         4
 Iskenderun's Mystic Bla  Conj/Tloc      0%         2d3       99%         4
 Leda's Liquefaction      Hex/Erth       0%         N/A       99%         4
 Summon Ice Beast         Ice/Summ       0%         N/A       99%         4
 Summon Lightning Spire   Summ/Air       0%         N/A       99%         4
 Alistair's Intoxication  Tmut/Pois      0%         N/A       100%        5
 Lee's Rapid Deconstruct  Erth           0%         3d5*      100%        5
 Lightning Bolt           Conj/Air       0%         1d11      100%        5
 Summon Mana Viper        Hex/Summ       0%         N/A       100%        5
 Invisibility             Hex            0%         N/A       100%        6
 Starburst                Conj/Fire      2%         6d3       100%        6
 Statue Form              Tmut/Erth      0%         N/A       100%        6
 Monstrous Menagerie      Summ           0%         N/A       100%        7


Dungeon Overview and Level Annotations

Branches:
Dungeon (7/15)             Temple (0/1) D:5

Altars:
Fedhas
Hepliaklqana
The Shining One

Shops:
D:3 *   D:4 !


Innate Abilities, Weirdness & Mutations

You regenerate health from kills.
You sometimes gain power by taking damage.


Message History

The killer bee is heavily wounded.
You closely miss the hound. You hit the killer bee. You burn the killer bee.
You hit the killer bee. You burn the killer bee. The killer bee stings you.
You are poisoned.
The killer bee poisons you! The killer bee closely misses you.
The killer bee stings you.
You are more poisoned.
The killer bee poisons you! The hound bites you. The killer bee stings you.
The killer bee stings you but does no damage.
The killer bee stings you. The hound bites you.
You take 22 damage, and have 38/72 hp.
MASSIVE DAMAGE!!
You barely miss the killer bee.
The killer bee is heavily wounded.
You completely miss the killer bee. x2; You barely miss the hound.
You feel very sick. The killer bee stings you.
You are more poisoned.
The killer bee poisons you! The killer bee stings you!
The killer bee stings you but does no damage.
The killer bee stings you. The killer bee closely misses you.
The killer bee stings you.
* * * LOW HITPOINT WARNING * * *
The hound closely misses you.
An orc comes into view. It is wielding a +0 club.
The killer bee closely misses you.
You take 20 damage, and have 18/72 hp.
MASSIVE DAMAGE!!
You hit the killer bee but do no damage.
The killer bee is heavily wounded.
You hit the killer bee. You burn the killer bee.
You kill the killer bee!
You miss the killer bee. You barely miss the hound.
You feel very sick. The killer bee stings you.
* * * LOW HITPOINT WARNING * * *
The hound closely misses you. The killer bee stings you!
* * * LOW HITPOINT WARNING * * *
The hound bites you.
* * * LOW HITPOINT WARNING * * *
The killer bee barely misses you. The killer bee stings you.
You die...

#.. #.### #...#
####...########.
.#.......<#......
.........†.......
#........#......
.##..(..######K
#.y@y## ##hy##
#(y# #o.# ...#
...## ####


You could see a hound, 4 killer bees and an orc.

Vanquished Creatures
  Prince Ribbit (D:5)
  Sigmund (D:6)
  3 sky beasts
  A black bear (D:6)
  An ogre (D:6)
  3 centaurs
  2 scorpions
  2 jellies
  A killer bee (D:7)
  A bullfrog zombie (D:5)
  A centaur skeleton (D:5)
  2 hounds
  3 orc priests
  3 iguanas
  An orc wizard (D:6)
  4 gnolls (D:4)
  A howler monkey skeleton (D:5)
  8 adders
  An ufetubus (D:5)
  An adder skeleton (D:4)
  2 worms (D:2)
  A dart slug (D:1)
  8 orcs
  8 bats
  2 endoplasms
  A giant cockroach (D:3)
  5 goblins
  5 hobgoblins
  2 jackals (D:3)
  3 quokkas
  7 ball pythons
  7 frilled lizards
  10 kobolds
  4 rats (D:3)
106 creatures vanquished.

Vanquished Creatures (others)
  165 foxfires
165 creatures vanquished.

Grand Total: 271 creatures vanquished

Notes
Turn   | Place    | Note
-------+----------+-------------------------------------------
     0 | D:1      | jasper the Demonspawn Cinder Acolyte began the quest for
                  | the Orb.
     0 | D:1      | Reached XP level 1. HP: 18/18 MP: 2/2
   311 | D:1      | Found a faded altar of an unknown god.
   344 | D:1      | Reached skill level 1 in Armour
   344 | D:1      | Gained mutation: You sometimes gain a little power by
                  | taking damage. [demonic ancestry]
   344 | D:1      | Reached XP level 2. HP: 8/24 MP: 3/3
  1821 | D:2      | Gained mutation: You regenerate a little health from kills.
                  | [demonic ancestry]
  1821 | D:2      | Reached XP level 3. HP: 30/30 MP: 4/4
  2306 | D:2      | Reached skill level 4 in Fighting
  2687 | D:2      | Reached XP level 4. HP: 37/37 MP: 5/5
  3961 | D:3      | Found a blossoming altar of Fedhas.
  3962 | D:3      | Found a hazy altar of Hepliaklqana.
  4065 | D:3      | Found Vuomaure's Assorted Antiques.
  4175 | D:4      | Found Atayzu's Distillery.
  4403 | D:4      | Reached XP level 5. HP: 39/43 MP: 6/6
  4785 | D:4      | Reached skill level 5 in Fighting
  5041 | D:5      | Entered Level 5 of the Dungeon
  5045 | D:5      | Reached XP level 6. HP: 50/51 MP: 7/7
  5061 | D:5      | Noticed a sky beast
  5066 | D:5      | Killed a sky beast
  5076 | D:5      | Noticed Prince Ribbit
  5082 | D:5      | Killed Prince Ribbit
  5083 | D:5      | Reached skill level 6 in Fighting
  5083 | D:5      | Gained mutation: You sometimes gain power by taking damage.
                  | [demonic ancestry]
  5083 | D:5      | Reached XP level 7. HP: 58/58 MP: 8/8
  5152 | D:5      | Reached skill level 5 in Armour
  5342 | D:5      | Found a staircase to the Ecumenical Temple.
  5353 | D:5      | Reached skill level 7 in Fighting
  5633 | D:5      | Reached skill level 8 in Fighting
  5633 | D:5      | Gained mutation: You regenerate health from kills. [demonic
                  | ancestry]
  5633 | D:5      | Reached XP level 8. HP: 68/68 MP: 9/9
  5910 | D:6      | Identified the +2 robe "Vyetae" {rPois rF+}
  5966 | D:6      | Reached skill level 9 in Fighting
  6107 | D:6      | Identified the +7 quarterstaff of Quiescent Courage {venom,
                  | rElec Str-5 Dex+5}
  6186 | D:6      | Noticed Sigmund
  6195 | D:6      | Killed Sigmund
  6196 | D:6      | Reached skill level 10 in Fighting
  6432 | D:7      | HP: 3/72 [hound (2)]
  6432 | D:7      | Slain by a killer bee

Illustrated notes

Levels and vault maps discovered:
D:1:      heliophobic_arrival_enchanted_forest, layout_basic,
          basic_ecumenical_altar
D:2:      layout_basic, minmay_pentomino_s2
D:3:      layout_basic, amethyst_overflow_temple_binary, serial_shops, shop
D:4:      layout_basic, serial_shops, shop_statue
D:5:      layout_gridville, minmay_temple_entry_offerings, uniq_prince_ribbit1
D:6:      layout_rooms, tso_oasis_becter, hangedman_abyss_or_decor_passed,
          minmay_misc_feat_iff, uniq_sigmund
D:7:      layout_loops_cross, fiery_altar_vehumet

Skill      XL: |  1  2  3  4  5  6  7  8 |
---------------+-------------------------+-----
Armour         | 1 2 3 4 5 |  5.0
Fighting       | 4 5 6 8 10 | 10.0
Axes           | 3 |  3.6
Spellcasting   | |  1.0
Fire Magic     | |  2.6

Action                   |  1- 3 |  4- 6 |  7- 9 || total
-------------------------+-------+-------+-------++-------
Melee: Hand axe          |    83 |   113 |   121 ||   317
 Fire: Hand crossbow     |       |    17 |       ||    17
       Hunting sling     |       |     4 |       ||     4
Throw: Stone             |     6 |       |       ||     6
       Dart              |    28 |    38 |    19 ||    85
Invok: Foxfire Swarm     |       |     2 |     8 ||    10
  Use: Scroll            |     4 |     6 |     3 ||    13
       Potion            |       |     1 |     1 ||     2
Armor: Robe              |    32 |       |       ||    32
       Ring mail         |       |    39 |    67 ||   106
       Leather armour    |       |     6 |       ||     6
Dodge: Dodged            |    63 |    87 |    99 ||   249

Table legend: (Time is in decaauts)
 A = Elapsed time spent in this place.
 B = Non-inter-level travel time spent in this place.
 C = Inter-level travel time spent in this place.
 D = Time resting spent in this place.
 E = Time spent auto-exploring this place.
 F = Levels seen in this place.
 G = Mean time per level.
                   A        B        C        D        E       F      G
               +--------+--------+--------+--------+--------+-----+--------+
         Total |   6498 |   6420 |     78 |    906 |   4327 |   7 |  928.3 |
       Dungeon |   6498 |   6420 |     78 |    906 |   4327 |   7 |  928.3 |
               +--------+--------+--------+--------+--------+-----+--------+

Top non-repeatable levels by time:
     D:2: 1581 daAuts
     D:1: 1432 daAuts
     D:3: 1173 daAuts
     D:4: 897 daAuts
     D:5: 891 daAuts
     D:6: 496 daAuts
     D:7: 25 daAuts
